 Dungeon Crawl Stone Soup version 0.31.0-32-g396128a36d (webtiles) character file.

Game seed: 2365184671740517471

2626 H0rd4k the Martial Artist (level 9, 0/54 (58) HPs)
             Began as an Octopode Artificer on Mar 18, 2024.
             Was an Initiate of Gozag.
             Succumbed to their own poison gas
             ... on level 9 of the Dungeon.
             The game lasted 00:11:33 (6641 turns).

H0rd4k the Martial Artist (Octopode Artificer)      Turns: 6641, Time: 00:11:35

HP:   0/54 (58)     AC:  7    Str: 11    XL:     9   Next: 60%
MP:   9/9           EV: 13    Int: 18    God:    Gozag
Gold: 367           SH:  0    Dex: 12    Spells: 8/8 levels left

rFire   . .          .
                       - Unarmed
rCold   . . .        (no shield)
rNeg    . . .        f - +2 hat
rPois   .            (no amulet)
rElec   .            q - ring of willpower
rCorr   .            y - +4 ring of protection
SInv    .            (no ring)
Will    +....        (no ring)
Stlth   +++          (no ring)
HPRegen 0.29/turn    (no ring)
MPRegen 0.11/turn    (no ring)
                     (no ring)

%: no passive effects
@: mighty, brilliant, lethally poisoned (0 -> -51), gold aura, studying
Shapeshifting, drained
A: almost no armour, amphibious, 8 rings, camouflage 1, gelatinous body 1,
(nimble swimmer 1), tentacles
a: Renounce Religion, Potion Petition, Call Merchant, Bribe Branch


You were on level 9 of the Dungeon.
You worshipped Gozag.
Gozag was aware of your devotion.
You visited 2 branches of the dungeon, and saw 10 of its levels.

You collected 695 gold pieces.
You spent 260 gold pieces at shops.
You paid 68 gold pieces to Gozag.

Inventory:

Missiles
 e - 35 poisoned darts
Armour
 f - a +2 hat (worn)
Jewellery
 q - a ring of willpower (left tentacle)
 y - a +4 ring of protection (right tentacle)
Wands
 b - a wand of flame (4) (quivered)
 c - a wand of charming (11)
 d - a wand of iceblast (2)
Scrolls
 a - 2 scrolls of enchant weapon
 r - 2 scrolls of poison
 u - a scroll of vulnerability
 w - a scroll of enchant armour
 C - a scroll of fog
 E - a scroll of brand weapon
Potions
 g - 2 potions of ambrosia {unknown}
 h - a potion of degeneration {unknown}
 l - a potion of resistance {unknown}
 n - a potion of cancellation {unknown}
 o - 5 potions of might
 p - 3 potions of curing {unknown}
 s - 2 potions of lignification {unknown}
 t - a potion of haste {unknown}
 v - a potion of enlightenment {unknown}
 x - a potion of brilliance
 z - 2 potions of magic {unknown}
 D - 2 potions of mutation {unknown}
 G - a potion of berserk rage


   Skills:
 + Level 4.3 Fighting
 - Level 2.3 Dodging
 - Level 1.3 Stealth
 + Level 10.4 Unarmed Combat
 - Level 3.2 Evocations
 * Level 5.7 Shapeshifting


You had 8 spell levels left.
You didn't know any spells.
Your spell library contained the following spells:

 Spells                   Type           Power      Damage    Failure   Level
 Kiss of Death            Conj/Necr      0%         2d5       22%         1
 Sting                    Conj/Alch      0%         1d3       22%         1
 Mercury Vapours          Alch/Air       0%         N/A       32%         2
 Confusing Touch          Hex            0%         N/A       54%         3
 Inner Flame              Hex/Fire       0%         N/A       54%         3
 Dispel Undead            Necr           0%         3d6       91%         4
 Olgreb's Toxic Radiance  Alch           0%         N/A       91%         4
 Irradiate                Conj/Alch      0%         3d11      99%         5
 Haunt                    Necr/Summ      0%         N/A       100%        7
 Ignition                 Fire           0%         3d3       100%        8
 Infestation              Necr           0%         N/A       100%        8
 Animate Dead             Necr           Unusable   N/A       N/A         4

Dungeon Overview and Level Annotations

Branches:
Dungeon (9/15)             Temple (1/1) D:5
   Lair: D:8-11         Orc: D:9-12

Altars:
Ashenzari
Cheibriados
Dithmenos
Elyvilon
Fedhas
Gozag
Hepliaklqana
Kikubaaqudgha
Makhleb
Nemelex Xobeh
Okawaru
Qazlal
Ru
Uskayaw
Vehumet
Wu Jian
Xom
Yredelemnul
Zin

Shops:
D:1 ?   D:2 :   D:3 =   D:7 (   D:8 [[!

Annotations:
D:7 exclusions: downstairs, hornet, killer bee and water moccasin
D:8 exclusion: sky beast, Maurice
D:9 exclusion: upstairs


Innate Abilities, Weirdness & Mutations

You cannot wear most types of armour.
You are amphibious.
You can wear up to eight rings at the same time.
Your skin changes colour to match your surroundings (Stealth+).
Your rubbery body absorbs attacks. (AC +1, EV +1)
((You are camouflaged when in or above water. (Stealth+)))
You have tentacles for arms and can constrict up to eight enemies at once.


Message History

Unknown command.
Okay, then.
You feel much better.
You hear a bellow!
Flame seeps out of the death yak.
The yak is engulfed in poison gas.
The yak is poisoned.
The death yak is engulfed in poison gas.
The death yak looks as sick as possible!
Flame seeps out of the death yak.
The death yak gores you.
The hell rat looks even sicker.
Cornered, the hell rat turns to fight!
Unknown command.
You are engulfed in poison gas.
You are poisoned.
You feel very sick.
Flame seeps out of the hell rat.
Flame seeps out of the death yak.
The hell rat is engulfed in poison gas.
The hell rat looks even sicker.
Flame seeps out of the hell rat.
The yak is engulfed in poison gas.
The yak is poisoned.
The death yak is engulfed in poison gas.
The death yak looks as sick as possible!
Flame seeps out of the death yak.
You are engulfed in poison gas.
You are more poisoned.
You feel extremely sick.
Flame seeps out of the death yak.
It was a potion of brilliance.
You feel clever all of a sudden.
You are engulfed in poison gas.
You are more poisoned.
* * * LOW HITPOINT WARNING * * *
You feel extremely sick.
Flame seeps out of the death yak.
The hell rat explodes!
Unknown command.
It was a potion of might.
You feel very mighty all of a sudden.
You are engulfed in poison gas.
You are more poisoned.
* * * LOW HITPOINT WARNING * * *
You die...
Your body crumbles into a pile of gold.

#.#.#.#.#
#.#...#.#
#.#)#...#
######.#.....#
#..$...>......
#####.######y.....
#§§..YYg..........
#Y###.#Y######..##
#@#..............#
#§#.#.####...y....
#§#.#.# .......
#○§.#.# ..r...
#####.# ... #$# ..
#$#####...Y.
#.$.$.gg...
########Yr.


You could see a death yak (inner flame, extremely poisoned).

Vanquished Creatures
  A steam dragon (D:7)
  Menkaure (D:7)
  An ice beast (D:7)
  2 black bears
  A centaur (D:6)
  A phantom (D:7)
  3 kobold brigands (D:8)
  4 scorpions
  A gnoll sergeant (D:9)
  5 wights
  A killer bee (D:9)
  3 howler monkeys
  4 hounds
  2 bombardier beetles (D:5)
  4 orc priests
  2 gnoll boudas
  3 iguanas
  A hell rat (D:9)
  2 sleepcaps (D:6)
  An orc wizard (D:6)
  10 gnolls
  7 adders
  2 river rats (D:9)
  A shadow imp (D:7)
  3 white imps
  2 dart slugs
  A ribbon worm (D:3)
  3 orcs
  4 ball pythons
  4 bats
  6 endoplasms
  2 giant cockroaches
  4 goblins
  5 hobgoblins
  11 jackals
  22 kobolds
  3 quokkas
  3 frilled lizards
  7 rats
143 creatures vanquished.

Vanquished Creatures (collateral kills)
  A phantom (D:5)
  A killer bee (D:9)
  An orc wizard (D:5)
  A hell rat (D:9)
  3 gnolls
  3 orcs (D:5)
10 creatures vanquished.

Vanquished Creatures (others)
  Pikel (D:5)
  A scorpion (D:5)
  2 killer bees (D:9)
  A hell rat (D:9)
  A gnoll (D:9)
  A rat (D:9)
7 creatures vanquished.

Grand Total: 160 creatures vanquished

Notes
Turn   | Place    | Note
-------+----------+-------------------------------------------
     0 | D:1      | H0rd4k the Octopode Artificer began the quest for the Orb.
     0 | D:1      | Reached XP level 1. HP: 13/13 MP: 1/1
   234 | D:1      | Reached skill level 1 in Unarmed Combat
   234 | D:1      | Reached XP level 2. HP: 14/18 MP: 2/2
   492 | D:1      | Found Mogewn's Magic Scroll Shoppe.
   516 | D:1      | Reached XP level 3. HP: 24/24 MP: 3/3
   612 | D:1      | Reached skill level 1 in Shapeshifting
   878 | D:2      | Reached skill level 2 in Unarmed Combat
  1040 | D:2      | Reached XP level 4. HP: 25/29 MP: 4/4
  1116 | D:2      | Found Sucefav's Book Shoppe.
  1671 | D:3      | Reached skill level 3 in Unarmed Combat
  1725 | D:3      | Found Zisanil's Jewellery Shoppe.
  2177 | D:4      | Noticed a scorpion
  2183 | D:4      | Killed a scorpion
  2184 | D:4      | Reached XP level 5. HP: 34/34 MP: 5/5
  2223 | D:4      | Found a sacrificial altar of Ru.
  2322 | D:4      | Reached skill level 4 in Unarmed Combat
  2322 | D:4      | Reached XP level 6. HP: 29/40 MP: 6/6
  2396 | D:4      | Found a stormy altar of Qazlal.
  2536 | D:5      | Entered Level 5 of the Dungeon
  2578 | D:5      | Noticed Pikel
  2596 | D:5      | Reached skill level 5 in Unarmed Combat
  2600 | D:5      | Reached XP level 7. HP: 24/45 MP: 7/7
  2600 | D:5      | Your ally Pikel died
  2974 | D:5      | Found a staircase to the Ecumenical Temple.
  2996 | D:5      | Reached skill level 6 in Unarmed Combat
  3006 | Temple   | Entered the Ecumenical Temple
  3101 | Temple   | Became a worshipper of Gozag Ym Sagoz the Greedy
  3575 | D:6      | Reached XP level 8. HP: 22/52 MP: 8/8
  3880 | D:6      | Reached skill level 7 in Unarmed Combat
  4514 | D:7      | Found a hide-covered altar of Uskayaw.
  4554 | D:7      | Reached skill level 8 in Unarmed Combat
  4689 | D:7      | Noticed Menkaure
  4692 | D:7      | Killed Menkaure
  5010 | D:7      | Reached skill level 9 in Unarmed Combat
  5010 | D:7      | Reached XP level 9. HP: 46/58 MP: 9/9
  5424 | D:7      | Noticed a hornet
  5589 | D:7      | Found Vatzuycesi's Weapon Shoppe.
  5738 | D:7      | Identified a scroll of acquirement
  5739 | D:7      | Acquired a manual of Shapeshifting
  5792 | D:8      | Reached skill level 5 in Shapeshifting
  6054 | D:8      | Noticed a hornet
  6100 | D:8      | Found Zar Maopal's Antique Armour Emporium.
  6263 | D:8      | Found Lalelom's Antique Armour Shoppe.
  6322 | D:8      | Bought a glowing hat for 140 gold pieces
  6334 | D:8      | Found Xeomoz's Distillery.
  6337 | D:8      | Bought a potion of heal wounds for 60 gold pieces
  6337 | D:8      | Bought a potion of berserk rage for 60 gold pieces
  6378 | D:8      | Noticed Maurice
  6409 | D:8      | Reached skill level 10 in Unarmed Combat
  6444 | D:8      | Something stole a staff of alchemy
  6445 | D:8      | Something stole a flux talisman
  6598 | D:9      | Noticed a death yak
  6604 | D:9      | Noticed a death yak
  6629 | D:9      | Noticed a death yak
  6641 | D:9      | Succumbed to their own poison gas

Illustrated notes

Levels and vault maps discovered:
D:1:      saegor_arrival_simple_e, layout_rooms, serial_shops,
          nicolae_shop_real_fake_doors, hangedman_decor_push
D:2:      layout_basic, serial_shops, nicolae_book_shop_shelving,
          minmay_tetromino_i2
D:3:      layout_loops_ring, serial_shops, shop
D:4:      layout_rooms, old_standard_altar, nicolae_ru_path_of_blood
D:5:      layout_rooms, minmay_temple_entry_antechambers, uniq_pikel
D:6:      layout_loops_ring
D:7:      layout_basic, nicolae_uskayaw_murder_on_the_dancefloor, serial_shops,
          nicolae_shop_tiny_real_fake_doors, uniq_menkaure
D:8:      layout_rooms, mainiacjoe_overflow_catwalk, serial_shops, shop,
          nicolae_shop_tiny_real_fake_doors, shop,
          nicolae_shop_tiny_statue_garden, amcnicky_mini_pool_small,
          uniq_maurice
D:9:      layout_basic, dpeg_lair_monsters,
          kennysheep_orc_monster_closet_entryway, kennysheep_just_a_vault,
          uniq_harold, uniq_jeremiah
Temple:   nicolae_temple_elliptical

Skill      XL: |  1  2  3  4  5  6  7  8  9 |
---------------+----------------------------+-----
Unarmed Combat | 1 2 3 4 5 6 9 10 | 10.4
Shapeshifting  | 1 2 3 4 5 |  5.7
Fighting       | 2 3 4 |  4.3
Dodging        | |  2.3
Stealth        | |  1.3
Evocations     | |  3.2

Action                     |  1- 3 |  4- 6 |  7- 9 || total
---------------------------+-------+-------+-------++-------
  Melee: Unarmed           |    85 |    68 |   227 ||   380
         Constrict         |    28 |    20 |    51 ||    99
         Tentacles         |    26 |    16 |    51 ||    93
         Punch             |       |     3 |    18 ||    21
  Evoke: Wand              |       |    10 |    43 ||    53
    Use: Scroll            |       |       |    16 ||    16
         Potion            |       |       |     7 ||     7
   Stab: Sleeping          |     2 |     9 |     5 ||    16
         Distracted        |       |       |     1 ||     1
 Armour: Skin              |    49 |    20 |   149 ||   218
  Dodge: Dodged            |    67 |    32 |   138 ||   237
